 Dungeon Crawl Stone Soup version 0.29.0-15-g675c0067aa (webtiles) character file.

Game seed: 8402215891608010836

0 qw the Sneak (level 1, -4/14 HPs)
             Began as a Gargoyle Delver on Sept 11, 2022.
             Splashed by a jelly's acid (5 damage)
             ... on level 4 of the Dungeon.
             The game lasted 00:00:05 (219 turns).

qw the Sneak (Gargoyle Delver)                       Turns: 219, Time: 00:00:06

Health: -4/14      AC:  5    Str: 15    XL:     1   Next: 10%
Magic:  1/1        EV: 11    Int: 10    God:
Gold:   13         SH:  0    Dex: 11    Spells: 0/0 levels left

rFire   . . .      SeeInvis .   Y - +0 hand axe
rCold   . . .      Faith    .   (no shield)
rNeg    + . .      Spirit   .   b - +0 leather armour
rPois   inf        Reflect  .   (no helmet)
rElec   +          Harm     .   (no cloak)
rCorr   .          Rampage  .   (no gloves)
Will    .....                   (no boots)
Stlth   +++.......              (no amulet)
HPRegen 0.04/turn               (no ring)
MPRegen 0.07/turn               (no ring)

@: no status effects
A: sickness immunity, AC +2, negative energy resistance 1, electricity
resistance, torment resistance 1, petrification resistance
a: no special abilities


You were on level 4 of the Dungeon.
You visited 1 branch of the dungeon, and saw 2 of its levels.

You collected 13 gold pieces.


Innate Abilities, Weirdness & Mutations

You are immune to sickness and miasma.
Your stone body is resilient. (AC +2)
You are immune to poison.
You resist negative energy. (rN+)
You are resistant to electric shocks. (rElec)
You are resistant to unholy torment.
You are immune to petrification.


   Skills:
 - Level 3.2 Fighting
 + Level 1.8 Axes
 - Level 1.5 Dodging
 - Level 5.4 Stealth


You couldn't memorise any spells.
You didn't know any spells.
Your spell library was empty.

Inventory:

Hand Weapons
 a - a +0 club
 Y - a +0 hand axe (weapon)
Armour
 b - a +0 leather armour (worn)
Jewellery
 d - a +6 ring of dexterity
Wands
 g - a wand of digging (3)
Potions
 c - a potion of mutation {unknown}
 f - a potion of haste

Dungeon Overview and Level Annotations

Branches:
Dungeon (5/15)
 Temple: D:4-7

Altars:


Message History

You barely miss the kobold. Your punch misses the kobold.
The kobold hits you but does no damage.
You closely miss the kobold. The kobold hits you with a +0 club.
You hit the kobold.
The kobold is severely wounded.
The kobold barely misses you. The kobold hits you but does no damage.
You barely miss the kobold.
The kobold is severely wounded.
The kobold hits you but does no damage.
You barely miss the kobold.
The kobold is severely wounded.
The kobold hits you but does no damage.
You barely miss the kobold.
The kobold is severely wounded.
The kobold hits you but does no damage.
You completely miss the kobold.
The kobold is severely wounded.
The kobold closely misses you.
You hit the kobold.
You kill the kobold!
You start resting.
HP restored.
a - a +0 club You see here a kobold corpse.
Found a stone staircase leading down.
c - a white potion
d - a +6 ring of dexterity
Enter note: A jelly comes into view.
The jelly quivers.
The jelly hits you but does no damage.
You barely miss the jelly. The jelly hits you.
You are splashed with acid!
Ouch! That really hurt!
You hit the jelly.
Your hands burn!
The jelly is moderately wounded.
The jelly hits you but does no damage.
You hit the jelly.
Your hands burn!
You die...

#..## # #...# ##....# ##
#...## ###....... .##
##....####.........
..####..................
....#...................
#......####.............
#.....## ##............
.....## #....@J......
.....# ##...........
.....# #..#######..
####.# #..# #.# ##.# #.#
#.# #.# ###


You could see a jelly.

Vanquished Creatures
  A kobold (D:4)
1 creature vanquished.

Notes
Turn   | Place    | Note
-------+----------+-------------------------------------------
     0 | D:5      | qw the Gargoyle Delver began the quest for the Orb.
     0 | D:5      | Reached XP level 1. HP: 14/14 MP: 1/1
     0 | D:5      | 0 ||| qw: Version: 0.1-a-117-gfe26ee0
     0 | D:5      | 0 ||| qw: Game counter: 9886
     0 | D:5      | 0 ||| qw: Always use a shield: true
     0 | D:5      | 0 ||| qw: God list: Okawaru
     0 | D:5      | 0 ||| qw: Allow faded altars: false
     0 | D:5      | 0 ||| qw: Do Orc after D:15 true
     0 | D:5      | 0 ||| qw: Do second Lair branch before Depths: true
     0 | D:5      | 0 ||| qw: Lair rune preference: random
     0 | D:5      | 0 ||| qw: Plans: Normal
     0 | D:5      | 0 ||| PLANNING D:1-11
    43 | D:5      | 43 ||| READING scroll labelled POUQ MEUSTROYF.
    44 | D:5      | 44 ||| DROPPING scroll of fog.
    45 | D:5      | 45 ||| DROPPING scroll of magic mapping.
    46 | D:5      | 46 ||| DROPPING scroll of fear.
   203 | D:4      | Noticed a jelly
   217 | D:4      | HP: 2/14 [acid (9)]
   219 | D:4      | Splashed by a jelly's acid

Levels and vault maps discovered:
D:4:      layout_layer_cave, hangedman_decor_lopped, uniq_sigmund
D:5:      layout_rooms, chei_slow_surprise, nzn_wu_jian_council_hall,
          gammafunk_temple_overflow_claw, minmay_temple_entry_statues_pillars,
          uniq_blork_the_orc

Action                   || total
-------------------------++-------
Melee: Hand axe          ||    13
  Use: Scroll            ||     1
Armor: Leather armour    ||     7
Dodge: Dodged            ||     3

Table legend:
 A = Non-vault XP
 B = Vault XP
 C = Vault XP percentage of total XP
 D = Non-vault monster count
 E = Vault monster count
 F = Vault count percentage of total count
                 A         B        C        D         E       F
            +---------+---------+-------+---------+---------+-------
      Total |       1 |       0 |   0.0 |       1 |       0 |   0.0
            +---------+---------+-------+---------+---------+-------
        D:4 |       1 |       0 |   0.0 |       1 |       0 |   0.0
            +---------+---------+-------+---------+---------+-------
